 Dungeon Crawl Stone Soup version 0.28-a0-1344-g6b9ff3a05d (webtiles) character file.

Game seed: 12580522153682305417

6594 Froggeryz the Frost Mage (level 10, -7/105 HPs)
             Began as a Demonspawn Ice Elementalist on Dec 29, 2021.
             Was an Initiate of Gozag.
             Mangled by a meliai (9 damage)
             ... on level 9 of the Dungeon.
             The game lasted 00:19:29 (10458 turns).

Froggeryz the Frost Mage (DsIE)                    Turns: 10458, Time: 00:19:30

Health: -7/105     AC:  9    Str: 10    XL:     10   Next: 71%
Magic:  0/17       EV: 12    Int: 20    God:    Gozag
Gold:   441        SH:  8    Dex: 13    Spells: 12/19 levels left

rFire   . . .      SeeInvis .   c - +1 dagger (venom)
rCold   . . .      Faith    .   s - +3 warlock's mirror {reflect}
rNeg    . . .      Spirit   +   A - +1 robe {Will+}
rPois   .          Reflect  +   x - +0 hat
rElec   .          Harm     .   r - +1 cloak {rCorr}
rCorr   +          Rampage  .   v - +0 pair of gloves
Will    +....                   C - +0 pair of boots
Stlth   ..........              l - amulet of regeneration
HPRegen 1.07/turn               (no ring)
MPRegen 0.30/turn               (no ring)

@: berserking, gold aura, freezing walls, very quick
A: antennae 2, thin metallic scales 1, magic shield, magic regeneration
a: Renounce Religion, Potion Petition, Call Merchant, Bribe Branch


You were on level 9 of the Dungeon.
You worshipped Gozag.
Gozag was aware of your devotion.
You visited 2 branches of the dungeon, and saw 10 of its levels.
You also visited: Bailey.

You collected 1008 gold pieces.
You paid 567 gold pieces to Gozag.

Inventory:

Hand Weapons
 c - a +1 dagger of venom (weapon)
 i - a +1 short sword of protection
 p - a +3 quarterstaff of chaos
Missiles
 n - 3 throwing nets
Armour
 e - a +2 leather armour of fire resistance
 r - a +1 cloak of preservation (worn)
 s - the +3 warlock's mirror (worn) {reflect}
   (You acquired it in a bailey)

   It can block and reflect piercing ranged attacks and magical attacks against
   the wielder's willpower.
 v - a +0 pair of gloves (worn)
 x - a +0 hat (worn)
 A - a +1 robe of willpower (worn)
 C - a +0 pair of boots (worn)
Jewellery
 l - an amulet of regeneration (around neck)
Wands
 w - a wand of iceblast (21)
 D - a wand of acid (10)
Scrolls
 a - a scroll of enchant armour {unknown}
 b - a scroll of immolation
 d - 4 scrolls of teleportation
 m - a scroll of fog
 u - 2 scrolls of enchant weapon {unknown}
 y - a scroll of summoning
 B - a scroll of magic mapping {unknown}
 E - a scroll of identify
Potions
 f - 2 potions of curing
 g - a potion of lignification {unknown}
 h - 2 potions of cancellation
 j - 2 potions of might
 k - 2 potions of haste
 o - a potion of flight {unknown}
 q - 4 potions of mutation
 t - 2 potions of magic {unknown}
 z - 2 potions of heal wounds {unknown}
 F - a potion of degeneration {unknown}


   Skills:
 - Level 3.1 Fighting
 - Level 3.0 Short Blades
 - Level 1.7 Dodging
 - Level 1.7 Stealth
 - Level 4.4 Shields
 - Level 5.3 Spellcasting
 * Level 13.1 Ice Magic


You had 12 spell levels left.
You knew the following spells:

 Your Spells              Type           Power      Damage    Failure   Level
a - Freeze                Ice            100%       1d11      1%          1
b - Frozen Ramparts       Ice            100%       1d12      1%          3
c - Ozocubu's Armour      Ice            55%        N/A       1%          3

Your spell library contained the following spells:

 Spells                   Type           Power      Damage    Failure   Level
 Hailstorm                Conj/Ice       31%        3d8       8%          4
 Shock                    Conj/Air       20%        1d4       12%         1
 Slow                     Hex            20%        N/A       12%         1
 Corpse Rot               Necr/Air       10%        N/A       17%         2
 Passwall                 Tmut/Erth      4%         N/A       17%         2
 Poisonous Vapours        Pois/Air       10%        N/A       17%         2
 Sublimation of Blood     Necr           5%         N/A       17%         2
 Call Canine Familiar     Summ           5%         N/A       34%         3
 Confusing Touch          Hex            5%         N/A       34%         3
 Portal Projectile        Hex/Tloc       10%        N/A       34%         3
 Swiftness                Air            5%         N/A       34%         3
 Vampiric Draining        Necr           5%         2d6       34%         3
 Airstrike                Air            2%         N/A       75%         4
 Leda's Liquefaction      Hex/Erth       2%         N/A       75%         4
 Petrify                  Tmut/Erth      5%         N/A       75%         4
 Fireball                 Conj/Fire      2%         3d4       97%         5
 Irradiate                Conj/Tmut      2%         3d14      97%         5
 Iskenderun's Battlesphe  Conj           5%         2d6       97%         5
 Conjure Ball Lightning   Conj/Air       2%         3x3d6     100%        6
 Orb of Destruction       Conj           2%         9d1       100%        7


Dungeon Overview and Level Annotations

Branches:
Dungeon (9/15)             Temple (1/1) D:5            Lair (0/6) D:9
 Bailey (visited)
    Orc: D:9-12

Altars:
Ashenzari
Cheibriados
Dithmenos
Elyvilon
Fedhas
Gozag
Hepliaklqana
Nemelex Xobeh
Okawaru
Qazlal
Ru
Sif Muna
Trog
Uskayaw
Vehumet
Wu Jian
Yredelemnul
Zin
The Shining One

Shops:
D:3 (

Annotations:
D:2 Grinder
D:8 3 runed translucent doors, Trumph21's ghost, novice MiFi
D:9 1 runed translucent door, kelmiir's ghost, novice GrEE


Innate Abilities, Weirdness & Mutations

You have a pair of antennae on your head.
You are partially covered in thin metallic scales. (AC +2)
When hurt, damage is shared between your health and your magic reserves.
You regenerate magic rapidly.


Message History

You feel much better.
You feel better. Magic courses through your body.
A red film seems to cover your vision as you go berserk!
You feel yourself moving faster!
You feel mighty!
The wall freezes the meliai.
The meliai hits you with a +0 war axe! You block the meliai's attack.
The wall freezes the meliai but does no damage.
The meliai hits you with a +0 war axe! You block the meliai's attack.
The meliai calls down the wrath of its god upon you.
Something smites you!
You puncture the meliai!
You kill the meliai!
Your Ice Magic skill increases to level 13!
You closely miss the meliai.
The wall freezes the meliai.
The meliai hits you with a +1 hand axe of electrocution.
The meliai stings you.
The wall freezes the meliai.
You hit the meliai.
The meliai is poisoned.
The meliai is moderately wounded.
The wall freezes the meliai.
The meliai hits you with a +1 hand axe of electrocution!
You are electrocuted!
The meliai stings you.
The wall freezes the meliai. x2
The meliai hits you with a +1 hand axe of electrocution!
You are electrocuted!
* * * LOW HITPOINT WARNING * * *
You block the meliai's attack.
You closely miss the meliai.
The meliai is lightly wounded.
The meliai hits you with a +0 war axe!
* * * LOW HITPOINT WARNING * * *
You block the meliai's attack.
The wall freezes the meliai.
The meliai mumbles some strange prayers to its god against you.
Something smites you!
* * * LOW HITPOINT WARNING * * *
The meliai hits you with a +0 war axe!
* * * LOW HITPOINT WARNING * * *
The meliai stings you but does no damage.
You hit the meliai.
The meliai looks as sick as possible!
The meliai is severely wounded.
You kill the meliai!
The meliai hits you with a +0 war axe!
You die...
Your body crumbles into a pile of gold.

#...........#
#♣
#?.(........#
#
#...........#
#
#######.....#
#.....#
######
#.....#
......
#..<..#
......
#..>..#
......
#@....#
......
#$y...#
......
#.....#
......
#.....#
......
......#
......
......#
......
......#
......
.......#
......


You could see a meliai.

Vanquished Creatures
  An orc warlord (Bailey)
  A two-headed ogre (D:9)
  Pikel (D:6)
  A kobold demonologist (D:9)
  2 meliai (D:9)
  A shadow (D:9)
  2 wyverns (D:9)
  A basilisk (D:9)
  Edmund (D:4)
  A water moccasin (D:9)
  2 ice beasts
  A sky beast (D:6)
  6 orc warriors
  5 black bears
  2 ogres
  2 wolves (D:9)
  2 centaurs (D:7)
  3 lemures (D:6)
  A kobold brigand (D:6)
  A bullfrog (D:7)
  3 scorpions
  A wyvern zombie (D:7)
  2 wyvern skeletons
  6 killer bees (D:8)
  3 wights (D:8)
  2 hounds (D:7)
  A centaur skeleton (D:7)
  An orc priest (D:9)
  Crazy Yiuf (D:3)
  2 bullfrog skeletons
  A gnoll shaman (D:8)
  4 iguanas
  7 orc wizards
  2 killer bee zombies (D:8)
  2 hound skeletons
  7 gnolls
  7 adders
  A shadow imp (D:6)
  3 dart slugs
  25 orcs
  5 endoplasms
  4 giant cockroaches
  21 goblins
  6 hobgoblins
  2 jackals (D:4)
  23 kobolds
  7 ball pythons
  6 bats
  3 frilled lizards
  5 rats
200 creatures vanquished.

Vanquished Creatures (others)
  2 fungi (D:9)
  13 plants (D:9)
15 creatures vanquished.

Grand Total: 215 creatures vanquished

Notes
Turn   | Place    | Note
-------+----------+-------------------------------------------
     0 | D:1      | Froggeryz the Demonspawn Ice Elementalist began the quest
                  | for the Orb.
     0 | D:1      | Reached XP level 1. HP: 13/13 MP: 3/3
   295 | D:1      | Reached skill level 4 in Ice Magic
   295 | D:1      | Gained mutation: You regenerate magic rapidly. [demonic
                  | ancestry]
   295 | D:1      | Reached XP level 2. HP: 19/19 MP: 5/5
   854 | D:1      | Found a faded altar of an unknown god.
  1312 | D:2      | Reached XP level 3. HP: 8/25 MP: 2/6
  1610 | D:2      | Reached skill level 1 in Fighting
  2425 | D:3      | Noticed Grinder
  2475 | D:3      | Reached XP level 4. HP: 26/32 MP: 7/7
  2487 | D:3      | Reached skill level 5 in Ice Magic
  2492 | D:3      | Learned a level 3 spell: Frozen Ramparts
  2748 | D:3      | Found a runed translucent door.
  2749 | D:3      | Noticed Crazy Yiuf
  2756 | D:3      | Killed Crazy Yiuf
  2757 | D:3      | Reached skill level 1 in Short Blades
  3072 | D:3      | Gained mutation: When hurt, damage is shared between your
                  | health and your magic reserves. [demonic ancestry]
  3072 | D:3      | Reached XP level 5. HP: 37/38 MP: 8/8
  3414 | D:3      | Found Lisiemopn's Weapon Shop.
  3932 | D:4      | Noticed Edmund
  3940 | D:4      | Killed Edmund
  3941 | D:4      | Gained mutation: You are partially covered in thin metallic
                  | scales. (AC +2) [demonic ancestry]
  3941 | D:4      | Reached XP level 6. HP: 29/47 MP: 1/9
  4426 | D:4      | Reached skill level 1 in Shields
  5324 | D:5      | Entered Level 5 of the Dungeon
  5340 | D:5      | Gained mutation: You have a pair of small antennae on your
                  | head. [demonic ancestry]
  5340 | D:5      | Reached XP level 7. HP: 52/52 MP: 8/11
  6075 | D:5      | Found a staircase to the Ecumenical Temple.
  6278 | Temple   | Entered the Ecumenical Temple
  6473 | Temple   | Became a worshipper of Gozag Ym Sagoz the Greedy
  6761 | D:6      | Gained mutation: You have a pair of antennae on your head.
                  | [demonic ancestry]
  6761 | D:6      | Reached XP level 8. HP: 52/58 MP: 11/14
  6951 | D:6      | Reached skill level 6 in Ice Magic
  6979 | D:6      | Noticed Pikel
  6994 | D:6      | Killed Pikel
  6995 | D:6      | Reached skill level 5 in Spellcasting
  6995 | D:6      | Reached skill level 7 in Ice Magic
  7531 | D:7      | Found a flagged portal.
  7564 | Bailey   | Entered a bailey
  7569 | Bailey   | Noticed an orc warlord
  7604 | Bailey   | Reached skill level 8 in Ice Magic
  7604 | Bailey   | Reached XP level 9. HP: 60/63 MP: 10/16
  7659 | Bailey   | Found a runed translucent gate.
  7662 | Bailey   | Found a runed translucent gate.
  7663 | Bailey   | Found a runed translucent gate.
  7956 | Bailey   | Killed an orc warlord
  7957 | Bailey   | Reached skill level 10 in Ice Magic
  7984 | Bailey   | Identified the +7 short sword "Elaal" {holy, Str+6 Dex+3}
  8154 | Bailey   | Acquired the +3 warlock's mirror {reflect}
  8154 | Bailey   | Found the +3 warlock's mirror {reflect}
  8378 | D:7      | Found an ornate altar of the Wu Jian Council.
  9134 | D:8      | Reached skill level 11 in Ice Magic
  9135 | D:8      | Reached XP level 10. HP: 69/70 MP: 14/17
  9469 | D:8      | Learned a level 3 spell: Ozocubu's Armour
  9629 | D:8      | Found a runed translucent gate.
  9629 | D:8      | Found a runed translucent gate.
  9629 | D:8      | Found a runed translucent gate.
  9631 | D:8      | Noticed Trumph21's ghost (novice MiFi)
 10027 | D:9      | Noticed a two-headed ogre
 10034 | D:9      | Killed a two-headed ogre
 10284 | D:9      | Found a runed translucent door.
 10284 | D:9      | Noticed kelmiir's ghost (novice GrEE)
 10304 | D:9      | Reached skill level 12 in Ice Magic
 10376 | D:9      | Found a staircase to the Lair.
 10454 | D:9      | Reached skill level 13 in Ice Magic
 10457 | D:9      | HP: 2/105 [meliai (8)]
 10458 | D:9      | Mangled by a meliai

Illustrated notes

Levels and vault maps discovered:
D:1:      minmay_arrival_diagonal_passages, layout_basic,
          ebering_ecumenical_altar_hall
D:2:      layout_rooms, minmay_shallow_snake_nest
D:3:      layout_basic, serial_shops, shop, serial_forest,
          infiniplex_forest_lined_room_3, infiniplex_forest_lined_corner,
          infiniplex_forest_straight_4, infiniplex_forest_corner_1,
          infiniplex_forest_clump_small, infiniplex_forest_end_2,
          infiniplex_forest_pool, serial_bayou_crossing,
          uniq_crazy_yiuf_cottage, uniq_grinder
D:4:      layout_basic, general_overflow_altar, st_stairs_7,
          chequers_serial_rivers_small_3, minmay_diced_spiral, uniq_edmund
D:5:      layout_loops_ring, temple_hall_moat
D:6:      layout_basic, uniq_pikel
D:7:      layout_basic, mainiacjoe_overflow_boulevard, tso_oasis_becter,
          enter_bailey_5, lightli_orcish_oven
D:8:      layout_loops_ring, ebering_ghost_rock_garden, hangedman_decor_riveting
D:9:      layout_gridville, mainiacjoe_overflow_alcove_2,
          lightli_temple_of_fire, minmay_lair_entry_grove,
          hellmonk_ghost_big_iron
Temple:   eino_temple_scatter_basement

Skill      XL: |  1  2  3  4  5  6  7  8  9 10 |
---------------+-------------------------------+-----
Ice Magic      | 4 5 8 11 13 | 13.1
Fighting       | 1 2 3 |  3.1
Short Blades   | 1 2 3 |  3.0
Shields        | 2 4 |  4.4
Spellcasting   | 4 5 |  5.3
Dodging        | |  1.7
Stealth        | |  1.7

Action                   |  1- 3 |  4- 6 |  7- 9 | 10-12 || total
-------------------------+-------+-------+-------+-------++-------
Melee: Unarmed           |    12 |       |       |       ||    12
       Dagger            |    78 |    87 |   198 |    47 ||   410
       Short sword       |     4 |    17 |   109 |    69 ||   199
       Quarterstaff      |       |     1 |       |       ||     1
 Cast: Freeze            |    16 |     7 |    13 |       ||    36
       Frozen Ramparts   |       |     5 |    23 |    12 ||    40
       Ozocubu's Armour  |       |       |       |     5 ||     5
Invok: Potion Petition   |       |       |       |     1 ||     1
Evoke: Wand              |       |       |     6 |       ||     6
  Use: Scroll            |       |     9 |     5 |       ||    14
       Potion            |       |       |     2 |       ||     2
 Stab: Sleeping          |     2 |     4 |     3 |     1 ||    10
       Distracted        |       |     1 |     1 |       ||     2
Armor: Robe              |    25 |    31 |    90 |    37 ||   183
Dodge: Dodged            |    64 |    71 |   145 |    47 ||   327
Block: Buckler           |       |       |    77 |    30 ||   107
       Reflection        |       |       |     1 |       ||     1

Table legend: (Time is in decaauts)
 A = Elapsed time spent in this place.
 B = Non-inter-level travel time spent in this place.
 C = Inter-level travel time spent in this place.
 D = Time resting spent in this place.
 E = Time spent auto-exploring this place.
 F = Levels seen in this place.
 G = Mean time per level.
                   A        B        C        D        E       F      G
               +--------+--------+--------+--------+--------+-----+--------+
         Total |  10421 |   9917 |    504 |   1352 |   6540 |  11 |  947.4 |
       Dungeon |   9601 |   9116 |    485 |   1252 |   6203 |   9 | 1066.8 |
        Temple |    204 |    185 |     19 |      0 |    169 |   1 |  204.0 |
        Bailey |    614 |    614 |      0 |    100 |    167 |   1 |  614.0 |
               +--------+--------+--------+--------+--------+-----+--------+

Top non-repeatable levels by time:
     D:3: 1582 daAuts
     D:1: 1509 daAuts
     D:4: 1296 daAuts
     D:8: 1190 daAuts
     D:7: 1015 daAuts
     D:5: 990 daAuts
     D:2: 957 daAuts
     D:6: 716 daAuts
  Bailey: 614 daAuts
     D:9: 343 daAuts
  Temple: 204 daAuts
